 Dungeon Crawl Stone Soup version 0.28.0-1-gb440e238dd (webtiles) character file.

Game seed: 12538681411671421336

548 pkoi the Conjurer (level 7, -4/50 HPs)
             Began as a Purple Draconian Conjurer on Feb 23, 2022.
             Slain by an iguana (5 damage)
             ... on level 4 of the Dungeon.
             The game lasted 00:06:26 (6663 turns).

pkoi the Conjurer (Purple Draconian Conjurer)       Turns: 6663, Time: 00:06:27

Health: -4/50      AC:  8    Str:  9    XL:     7   Next: 7%
Magic:  10/10      EV: 12    Int: 26    God:
Gold:   146        SH:  0    Dex: 10    Spells: 1/11 levels left

rFire   . . .      SeeInvis .   d - +3 spear "Waboreing" {vorpal, Int+6}
rCold   . . .      Faith    .   (no shield)
rNeg    . . .      Spirit   .   (armour unavailable)
rPois   .          Reflect  .   (helmet restricted)
rElec   .          Harm     .   (no cloak)
rCorr   .          Rampage  .   j - +0 pair of gloves
Will    +....                   h - +0 pair of boots
Stlth   ++........              (no amulet)
HPRegen 0.16/turn               (no ring)
MPRegen 0.12/turn               (no ring)

@: no status effects
A: breathe power, AC +6, unfitting armour, cold-blooded
a: Breathe Dispelling Energy


You were on level 4 of the Dungeon.
You visited 1 branch of the dungeon, and saw 4 of its levels.

You collected 146 gold pieces.

Inventory:

Hand Weapons
 a - a +0 long sword
 b - a +1 short sword of protection
 d - the +3 spear "Waboreing" (weapon) {vorpal, Int+6}
   (You found it on level 2 of the Dungeon)

   It inflicts extra damage upon your enemies.
   Int:       It affects your intelligence (+6).
 e - a +1 dagger of speed
 k - a +0 dagger of venom
Armour
 h - a +0 pair of boots (worn)
 j - a +0 pair of gloves (worn)
Scrolls
 c - a scroll of summoning
 g - a scroll of enchant armour
Potions
 f - a potion of mutation


   Skills:
 - Level 1.7 Dodging
 - Level 1.7 Stealth
 + Level 2.5 Spellcasting
 + Level 7.2 Conjurations
 + Level 0.2 Hexes
 + Level 4.2 Translocations


You had one spell level left.
You knew the following spells:

 Your Spells              Type           Power      Damage    Failure   Level
a - Magic Dart            Conj           100%       1d8       1%          1
b - Searing Ray           Conj           80%        2d7       1%          2
c - Iskenderun's Mystic   Conj/Tloc      33%        2d8       10%         4
d - Dazzling Flash        Conj/Hex       44%        N/A       6%          3

Your spell library contained the following spells:

 Spells                   Type           Power      Damage    Failure   Level
 Pain                     Necr           12%        1d4       10%         1
 Ensorcelled Hibernation  Hex/Ice        6%         N/A       14%         2
 Passwall                 Tmut/Erth      2%         N/A       16%         2
 Sublimation of Blood     Necr           3%         N/A       16%         2
 Wereblood                Tmut           3%         N/A       16%         2
 Fulminant Prism          Conj/Hex       11%        3d9       22%         4
 Swiftness                Air            3%         N/A       30%         3
 Summon Hydra             Summ           1%         N/A       100%        7


Dungeon Overview and Level Annotations

Branches:
Dungeon (4/15)
 Temple: D:4-7

Altars:
Uskayaw

Shops:
D:2 [

Annotations:
D:3 1 runed translucent door, lonewolfV2's ghost, amateur TrFi


Innate Abilities, Weirdness & Mutations

You can breathe bolts of dispelling energy.
Your rich purple scales are hard. (AC +6)
You cannot fit into any form of body armour.
You are cold-blooded and may be slowed by cold attacks.


Message History

You finish putting on your +0 pair of boots.
Unknown command.
Found 10 gold pieces.
Found 8 gold pieces.
You now have 146 gold pieces (gained 10).
A ball python, 3 orcs and an iguana come into view.
Found a ring mail.
The orc shouts!
The ball python hisses angrily.
The orc shouts! x2
The iguana hisses angrily.
You hit the ball python.
You kill the ball python!
The orc misses you. The orc hits you with a +0 flail.
The orc barely misses you. The orc hits you with a +0 flail.
* * * LOW HITPOINT WARNING * * *
You see here 8 gold pieces.
Unknown command.
You hit the orc.
The orc is moderately wounded.
The orc hits you with a +0 flail.
* * * LOW HITPOINT WARNING * * *
The orc misses you. The iguana bites you!
* * * LOW HITPOINT WARNING * * *
The orc closely misses you. The orc barely misses you.
The orc hits you but does no damage. The iguana bites you!
* * * LOW HITPOINT WARNING * * *
You hit the iguana.
The iguana is moderately wounded.
The orc hits you with a +0 morningstar!
* * * LOW HITPOINT WARNING * * *
The orc barely misses you. The iguana bites you.
* * * LOW HITPOINT WARNING * * *
The iguana closely misses you. The iguana bites you.
* * * LOW HITPOINT WARNING * * *
Okay, then.
You hear the slow rusting of a very distant drain.
The iguana bites you.
You die...

####### # #.....#
#. #.....# #.
#..o.$### #.
#olo....# #.
#@[...#.#### #.
#.....#....## ###.
#.....####..###...
##.#### ##.......
#.# #####... #.#
#... .# #... .#
###. ##.


You could see an iguana and 3 orcs.

Vanquished Creatures
  Grinder (D:3)
  3 orc priests (D:3)
  Jessica (D:3)
  3 orc wizards
  Robin (D:3)
  4 adders
  An adder skeleton (D:4)
  3 worms (D:3)
  A dart slug (D:3)
  9 orcs
  6 ball pythons
  4 endoplasms
  7 giant cockroaches
  16 goblins
  5 hobgoblins
  10 jackals
  5 kobolds
  3 quokkas
  5 bats
  8 frilled lizards
  9 rats
105 creatures vanquished.

Vanquished Creatures (others)
  2 fungi (D:1)
  A plant (D:1)
3 creatures vanquished.

Grand Total: 108 creatures vanquished

Notes
Turn   | Place    | Note
-------+----------+-------------------------------------------
     0 | D:1      | pkoi the Draconian Conjurer began the quest for the Orb.
     0 | D:1      | Reached XP level 1. HP: 14/14 MP: 3/3
   479 | D:1      | Reached XP level 2. HP: 20/20 MP: 3/5
   573 | D:1      | Found a faded altar of an unknown god.
   596 | D:1      | Got Plato's Handbook of Darkness
  1404 | D:1      | Reached skill level 5 in Conjurations
  1442 | D:1      | Reached XP level 3. HP: 26/26 MP: 2/6
  1938 | D:2      | Identified the +3 spear "Waboreing" {vorpal, Int+6}
  1996 | D:2      | Learned a level 2 spell: Searing Ray
  2241 | D:2      | Found Hisosiro's Antique Armour Shoppe.
  2314 | D:2      | Reached XP level 4. HP: 33/33 MP: 4/7
  2347 | D:2      | Learned a level 4 spell: Iskenderun's Mystic Blast
  2700 | D:2      | Found a hide-covered altar of Uskayaw.
  2955 | D:3      | Reached skill level 1 in Translocations
  3705 | D:3      | Reached skill level 6 in Conjurations
  3705 | D:3      | Reached XP level 5. HP: 38/38 MP: 2/8
  3952 | D:3      | Found a runed translucent door.
  3958 | D:3      | Noticed lonewolfV2's ghost (amateur TrFi)
  3980 | D:3      | Noticed Grinder
  3981 | D:3      | Paralysed by Grinder for 4 turns
  4770 | D:3      | Noticed Jessica
  4773 | D:3      | Killed Jessica
  4898 | D:3      | Killed Grinder
  4899 | D:3      | Reached skill level 7 in Conjurations
  4899 | D:3      | Reached XP level 6. HP: 45/45 MP: 0/9
  5828 | D:3      | Your scales start taking on a rich purple colour.
  5828 | D:3      | Reached XP level 7. HP: 50/50 MP: 7/10
  6027 | D:3      | Learned a level 3 spell: Dazzling Flash
  6124 | D:3      | Noticed Robin
  6151 | D:3      | Killed Robin
  6661 | D:4      | HP: 1/50 [iguana (6)]
  6663 | D:4      | Slain by an iguana

Illustrated notes

Levels and vault maps discovered:
D:1:      eino_arrival_cavern_b, layout_loops_ring,
          shapermc_ecumenical_altar_rom_forum
D:2:      layout_loops_cross, serial_shops, shop, basic_altar
D:3:      layout_basic, ebering_ghost_sewer_d, minmay_shallow_snake_nest,
          uniq_grinder, uniq_robin, uniq_jessica
D:4:      layout_rooms, minmay_temple_entry_drinking_statues,
          lightli_sewer_entry_pipes

Skill      XL: |  1  2  3  4  5  6 |
---------------+-------------------+-----
Conjurations   | 5 6 7 |  7.2
Translocations | 1 3 4 |  4.2
Dodging        | |  1.7
Stealth        | |  1.7
Spellcasting   | |  2.5
Hexes          | |  0.2

Action                   |  1- 3 |  4- 6 |  7- 9 || total
-------------------------+-------+-------+-------++-------
Melee: Long sword        |    29 |       |       ||    29
       Tailslap          |     3 |     3 |     1 ||     7
       Punch             |     1 |       |       ||     1
       Spear             |     1 |    18 |    20 ||    39
 Cast: Magic Dart        |    74 |    72 |    12 ||   158
       Searing Ray       |       |     8 |     1 ||     9
       Iskenderun's Myst |       |     1 |       ||     1
  Use: Scroll            |       |     3 |     2 ||     5
 Stab: Sleeping          |       |       |     1 ||     1
Armor: Skin              |    15 |    14 |     7 ||    36
Dodge: Dodged            |    37 |    30 |    14 ||    81
